 Dungeon Crawl Stone Soup version 0.23.2-1-ga50397a6bc (webtiles) character file.

Game seed: 8351973319594964995

406 Kisielow the Cudgeler (level 6, -4/39 HPs)
             Began as a Gargoyle Fighter on Apr 14, 2019.
             Was a Follower of Qazlal.
             Killed from afar by Dowan (9 damage)
             ... with a puff of frost
             ... on level 4 of the Dungeon.
             The game lasted 00:05:40 (2343 turns).

Kisielow the Cudgeler (Gargoyle Fighter)            Turns: 2343, Time: 00:05:40

Health: -4/39      AC:  0    Str: 21    XL:     6   Next: 87%
Magic:  6/6        EV: 17    Int:  9    God:    Qazlal [*.....]
Gold:   108        SH:  1    Dex: 14    Spells: 5/5 levels left

rFire    . . .     SeeInvis .   (weapon currently unavailable)
rCold    . . .     Gourm    .   (shield currently unavailable)
rNeg     + . .     Faith    .   (armour currently unavailable)
rPois    ∞         Spirit   .   (helmet currently unavailable)
rElec    .         Reflect  .   (cloak currently unavailable)
rCorr    .         Harm     .   (gloves currently unavailable)
MR       .....                  (boots currently unavailable)
Stlth    +.........             (no amulet)
HPRegen  0.13/turn              (ring currently unavailable)
MPRegen  0.10/turn              (ring currently unavailable)

@: bat-form, flying, very quick
A: tiny, negative energy resistance 1, petrification resistance, rot immunity,
AC +4
a: Renounce Religion


You were on level 4 of the Dungeon.
You worshipped Qazlal.
Qazlal was aware of your devotion.
You were not hungry.
You were in bat-form.
You visited 1 branch of the dungeon, and saw 4 of its levels.

You collected 108 gold pieces.

Inventory:

Hand Weapons
 a - a +0 flail (melded)
Armour
 b - a +0 scale mail (melded)
 c - a +0 shield (melded)
Jewellery
 d - an uncursed ring of flight
 j - a +3 ring of protection (melded)
 p - a ring of wizardry (melded)
Wands
 q - a wand of random effects (31)
Scrolls
 e - a scroll of enchant armour {unknown}
 h - 8 scrolls of identify {unknown}
 k - 3 scrolls of teleportation {unknown}
 o - a scroll of magic mapping {unknown}
 s - 2 scrolls of fear {unknown}
 u - a scroll of remove curse {unknown}
Potions
 g - a potion of curing {unknown}
 i - a potion of brilliance {unknown}
 l - 2 potions of haste {unknown}
 m - a potion of heal wounds {unknown}
 n - a potion of mutation {unknown}
 t - a potion of lignification {unknown}
Comestibles
 f - 6 rations
 r - 15 chunks of flesh


   Skills:
 + Level 4.3 Fighting
 * Level 5.3 Maces & Flails
 + Level 4.3 Armour
 + Level 4.3 Shields


You had 5 spell levels left.
You didn't know any spells.
Your spell library was empty.

Dungeon Overview and Level Annotations

Branches:
Dungeon (4/15)
 Temple: D:4-7

Altars:
Ashenzari
Cheibriados
Fedhas
Qazlal

Annotations:
D:4 Dowan, Duvessa


Innate Abilities, Weirdness & Mutations

You are resistant to torment.
((Your stone body is resilient. (AC +4)))
You are immune to poison.
You resist negative energy. (rN+)
((You are resistant to electric shocks. (rElec)))
((You can survive without breathing.))
You are immune to petrification.
You are immune to rotting.


Message History

Dowan blinks!
Duvessa zaps a wand.
Dowan hits you with a +2 dagger of venom!
Dowan hits you with a +2 dagger of venom.
A jackal comes into view.
Duvessa hits you with a +2 short sword of draining!
* * * LOW HITPOINT WARNING * * *
Unknown command.
The jackal barks!
The jackal closely misses you. The jackal bites you.
* * * LOW HITPOINT WARNING * * *
Dowan mumbles some strange words.
Dowan blinks!
Dowan hits you with a +2 dagger of venom.
* * * LOW HITPOINT WARNING * * *
You hit Dowan but do no damage.
Dowan is heavily wounded.
Dowan casts a spell at you. The puff of frost hits you!
You die...

##.###.))##..##....
#.<....#)..#..#.### #.##
#.#.######......###
.......#.# ###......#
#..#.#.#.## ######.....#
......... .............
.....##.# ######.......
.####.##.# #####........
.......be###............
#.#.#.#h#h..§#....#####.
.......he...##.#.## ##
.#.#.#.#.#.#.†.#.#
.............###.#
#.#.#.#.#.#..# #.#
.............# #.#
#.#.#.#.#.#.. #.#
............(.#


You could see Duvessa, Dowan and 3 jackals.

Vanquished Creatures
  Sigmund (D:2)
  A hound (D:4)
  An orc priest (D:3)
  An iguana (D:4)
  A worker ant zombie (D:3)
  4 gnolls (D:4)
  2 adders (D:3)
  2 oozes
  2 worms
  2 dart slugs (D:3)
  7 orcs
  A ball python (D:3)
  8 giant cockroaches
  4 goblins
  9 hobgoblins
  4 jackals (D:3)
  A quokka (D:2)
  4 bats
  4 frilled lizards
  11 kobolds
  8 rats
78 creatures vanquished.

Notes
Turn   | Place    | Note
-------+----------+-------------------------------------------
     0 | D:1      | Kisielow the Gargoyle Fighter began the quest for the Orb.
     0 | D:1      | Reached XP level 1. HP: 14/14 MP: 1/1
   139 | D:1      | Reached XP level 2. HP: 19/19 MP: 2/2
   268 | D:1      | Reached skill level 3 in Maces & Flails
   402 | D:1      | Reached XP level 3. HP: 23/23 MP: 3/3
   833 | D:2      | Noticed Sigmund
   838 | D:2      | Found a shattered altar of Ashenzari.
   912 | D:2      | Killed Sigmund
   912 | D:2      | Reached skill level 4 in Maces & Flails
   912 | D:2      | Reached XP level 4. HP: 26/29 MP: 4/4
   912 | D:2      | Reached XP level 5. HP: 30/33 MP: 5/5
  1278 | D:3      | Found a snail-covered altar of Cheibriados.
  1359 | D:3      | Found a blossoming altar of Fedhas.
  1360 | D:3      | Found a stormy altar of Qazlal.
  1368 | D:3      | Became a worshipper of Qazlal Stormbringer
  1468 | D:3      | Reached XP level 6. HP: 36/38 MP: 6/6
  1896 | D:3      | Reached skill level 5 in Maces & Flails
  2235 | D:4      | Reached * piety under Qazlal
  2310 | D:4      | Noticed Dowan
  2311 | D:4      | Noticed Duvessa
  2343 | D:4      | Killed from afar by Dowan

Skill      XL: |  1  2  3  4  5  6 |
---------------+-------------------+-----
Maces & Flails | 3 4 5 |  5.3
Fighting       | 4 |  4.3
Shields        | 4 |  4.3
Armour         | 4 |  4.3

Action                   |  1- 3 |  4- 6 || total
-------------------------+-------+-------++-------
Melee: Flail             |   137 |   152 ||   289
       Unarmed           |       |     1 ||     1
  Use: Potion            |     1 |       ||     1
  Eat: Chunk             |       |     5 ||     5
Armor: Scale mail        |    58 |    85 ||   143
Dodge: Dodged            |    43 |    51 ||    94
Block: Shield            |    77 |   102 ||   179
